 Dungeon Crawl Stone Soup version 0.22-a0-362-g535178c5c5 (webtiles) character file.

98 Manul the Slasher (level 4, -4/34 HPs)
             Began as a Demonspawn Gladiator on Apr 21, 2018.
             Slain by a gnoll
             ... wielding a +0 whip
              (8 damage)
             ... on level 1 of the Dungeon.
             The game lasted 00:01:46 (1719 turns).

Manul the Slasher (Demonspawn Gladiator)            Turns: 1719, Time: 00:01:46

Health: -4/34      AC:  6    Str: 12 (15) XL:     4   Next: 44%
Magic:  4/4        EV: 12    Int:  8 (9)  God:
Gold:   78         SH:  0    Dex: 12 (15) Spells: 3/3 levels left

rFire    . . .     SeeInvis .   a - +0 long sword
rCold    . . .     Gourm    .   (no shield)
rNeg     . . .     Faith    .   h - +0 leather armour (curse)
rPois    .         Spirit   .   c - +0 helmet
rElec    .         Reflect  .   (no cloak)
rCorr    +         Harm     .   (no gloves)
MR       .....                  (no boots)
Stlth    +.........             (no amulet)
HPRegen  0.11/turn              e - ring of resist corrosion
MPRegen  0.09/turn              (no ring)

@: no status effects
A: yellow scales 1
a: no special abilities


You were on level 1 of the Dungeon.
You were hungry.

You visited 1 branch of the dungeon, and saw 2 of its levels.

You collected 78 gold pieces.

Inventory:

Hand Weapons
 a - a +0 long sword (weapon)
Missiles
 d - 3 throwing nets (quivered)
Armour
 b - a +0 leather armour
 c - a +0 helmet (worn)
 h - a cursed +0 leather armour (worn)
 j - a +1 ring mail of cold resistance
Jewellery
 e - a ring of resist corrosion (left hand)
Scrolls
 g - a scroll of enchant weapon {unknown}
 k - a scroll of identify {unknown}
 l - a scroll of amnesia {unknown}
 n - a scroll of remove curse {unknown}
Potions
 i - a potion of heal wounds {unknown}
Comestibles
 f - 2 rations


   Skills:
 + Level 2.9 Fighting
 + Level 3.7 Long Blades
 + Level 2.0 Throwing
 + Level 0.6 Armour
 + Level 3.1 Dodging


You had 3 spell levels left.
You didn't know any spells.

Dungeon Overview and Level Annotations

Branches:
Dungeon (2/15)

Altars:


Innate Abilities, Weirdness & Mutations

You are partially covered in yellow scales. (AC +2)


Message History

The gnoll hits you from afar with an enchanted spear!
You climb upwards.
There is a stone staircase leading down here.
You climb downwards.
The gnoll barely misses you.
The gnoll hits you with an enchanted spear.
The gnoll hits you.
* * * LOW HITPOINT WARNING * * *
There is a stone staircase leading up, spattered with blood here.
Unknown command.
Okay, then.
The gnoll misses you. The gnoll hits you but does no damage.
The gnoll hits you.
* * * LOW HITPOINT WARNING * * *
You climb upwards.
There is a stone staircase leading down here.
Unknown command.
The gnoll hits you with an enchanted spear.
* * * LOW HITPOINT WARNING * * *
The gnoll hits you with a whip!
You die...

.....##..#...###..##.#
.....##.......##..##.#
...............#..##.#
..#####...........##.#
..# #........#.###.#
..# ###.....##.# #.#
..########....##g###.#
............#..g>g...#
.############...@###.#
##.♣[...♣..##........#
#...........###..###.#
#♣..♣......<.###.###.#
#.............≈#...#.#
#..............##....#
♣..............♣##.###
...............♣ #.#
...⌠.....♣.....###.#


You could see 3 gnolls.

Vanquished Creatures
  A hound skeleton (D:2)
  3 adders (D:2)
  An ooze (D:2)
  2 worms (D:2)
  A leopard gecko (D:1)
  5 bats
  2 giant cockroaches
  8 goblins
  7 hobgoblins
  2 jackals (D:2)
  5 kobolds
  2 quokkas (D:2)
  2 ball pythons
  4 frilled lizards
  2 rats (D:1)
47 creatures vanquished.

Notes
Turn   | Place    | Note
-------+----------+-------------------------------------------
     0 | D:1      | Manul the Demonspawn Gladiator began the quest for the Orb.
     0 | D:1      | Reached XP level 1. HP: 16/16 MP: 1/1
    86 | D:1      | Gained mutation: You are partially covered in yellow scales. (AC +2) [demonic ancestry]
    86 | D:1      | Reached XP level 2. HP: 17/22 MP: 2/2
   606 | D:2      | Reached XP level 3. HP: 20/27 MP: 3/3
   837 | D:2      | Reached XP level 4. HP: 14/34 MP: 4/4
  1228 | D:2      | HP: 1/34 [poisoned by an adder]
  1719 | D:1      | Slain by a gnoll

Vault maps used:
D:1:      nzn_arrival_settlement
D:2:      grunt_decor_cap

Skill      XL: |  1  2 |
---------------+-------+-----
Throwing       | 2 |  2.0
Dodging        | 3 |  3.1
Long Blades    | 3 |  3.7
Fighting       | |  2.9
Armour         | |  0.6

Action                   |  1- 3 |  4- 6 || total
-------------------------+-------+-------++-------
Melee: Long sword        |    84 |    29 ||   113
  Use: Potion            |       |     2 ||     2
  Eat: Chunk             |       |     2 ||     2
Armor: Leather armour    |    24 |    23 ||    47
Dodge: Dodged            |    68 |    59 ||   127
       Rpst.: Long sword |    22 |    19 ||    41

Table legend:
 A = Spawn XP
 B = Non-spawn XP
 C = Spawn XP percentage of total XP
 D = Spawn monster count
 E = Non-spawn monster count
 F = Spawn count percentage of total count
 G = Total turns spent on level
                    A         B        C        D         E        F      G
               +---------+---------+-------+---------+---------+-------+---------
         Total |       0 |     141 |   0.0 |       0 |      47 |   0.0 |  1719
               +---------+---------+-------+---------+---------+-------+---------
           D:1 |       0 |      33 |   0.0 |       0 |      20 |   0.0 |   840
           D:2 |       0 |     108 |   0.0 |       0 |      27 |   0.0 |   879
               +---------+---------+-------+---------+---------+-------+---------
